 Dungeon Crawl Stone Soup version 0.21.1-1-g345015f (webtiles) character file.

334 Mirai the Chopper (level 6, -3/48 HPs)
             Began as a Demonspawn Fighter on Mar 14, 2018.
             Slain by Edmund
             ... wielding a +3 dire flail of crushing
              (8 damage)
             ... on level 4 of the Dungeon.
             The game lasted 00:05:35 (3303 turns).

Mirai the Chopper (Demonspawn Fighter)              Turns: 3303, Time: 00:05:36

Health: -3/48      AC: 13    Str: 21    XL:     6   Next: 27%
Magic:  6/6        EV:  8    Int: 10    God:
Gold:   186        SH:  0    Dex: 12    Spells: 5/5 levels left

rFire    . . .     SeeInvis .   a - +0 war axe
rCold    + + .     Gourm    +   (no shield)
rNeg     . . .     Faith    .   q - +0 chain mail
rPois    .         Spirit   .   (helmet restricted)
rElec    .         Reflect  .   C - +0 cloak
rCorr    .         Harm     .   (no gloves)
MR       .....                  r - +2 pair of boots
Stlth    ..........             m - amulet of the gourmand
HPRegen  0.16/turn              s - ring of protection from cold
MPRegen  0.10/turn              p - +3 ring of strength

@: no status effects
A: antennae 2, cold resistance 1, powered by death 1
a: no special abilities


You were on level 4 of the Dungeon.
You were completely stuffed.

You visited 1 branch of the dungeon, and saw 4 of its levels.

You collected 186 gold pieces.

Inventory:

Hand Weapons
 a - a +0 war axe (weapon)
 E - a +0 war axe
Missiles
 y - 4 steel tomahawks (quivered)
Armour
 b - a +0 scale mail
 c - a +0 shield
 q - a +0 chain mail (worn)
 r - a +2 pair of boots (worn)
 A - a +0 pair of boots
 C - a +0 cloak (worn)
Jewellery
 i - an uncursed ring of wizardry
 m - an amulet of the gourmand (around neck)
 p - a +3 ring of strength (right hand)
 s - a ring of protection from cold (left hand)
 u - a +5 ring of intelligence
Wands
 d - a wand of flame (22)
Scrolls
 g - 4 scrolls of teleportation {unknown}
 j - 5 scrolls of remove curse {unknown}
 k - a scroll of blinking {unknown}
 l - 2 scrolls of fear {unknown}
 n - a scroll of amnesia {unknown}
 o - 5 scrolls of identify {unknown}
 t - a scroll of enchant armour {unknown}
 x - a scroll of magic mapping {unknown}
 B - a scroll of immolation {unknown}
 D - a scroll of enchant weapon {unknown}
Potions
 e - 2 potions of haste {unknown}
 h - 4 potions of lignification {unknown}
 v - a potion of degeneration {unknown}
 w - a potion of heal wounds {unknown}
Comestibles
 f - 9 rations
 z - 2 chunks of flesh


   Skills:
 + Level 3.7 Fighting
 + Level 4.2 Axes
 + Level 3.8 Armour
 * Level 2.4 Dodging
 - Level 2.6 Shields


You had 5 spell levels left.
You didn't know any spells.

Dungeon Overview and Level Annotations

Branches:
Dungeon (4/15)
 Temple: D:4-7

Altars:
Ashenzari
Nemelex Xobeh
Qazlal
Trog
Xom
Yredelemnul
Zin

Annotations:
D:4 Edmund


Innate Abilities, Weirdness & Mutations

You have a pair of antennae on your head.
Your flesh is cold resistant. (rC+)
You regenerate a little health from kills.


Message History

Edmund hits you but does no damage.
You hit Edmund.
Edmund is severely wounded.
Edmund hits you but does no damage.
You hit Edmund but do no damage.
Edmund is severely wounded.
Edmund says, "I'm quite good with sums, too."
Edmund hits you but does no damage.
Edmund hits you with a dire flail of crushing!
* * * LOW HITPOINT WARNING * * *
x2 You hit Edmund.
Edmund is severely wounded.
Edmund hits you with a dire flail of crushing.
* * * LOW HITPOINT WARNING * * *
x2 You slash Edmund!
Edmund is almost dead.
You hit the worker ant.
The worker ant bites you but does no damage.
Edmund hits you with a dire flail of crushing!
You die...

##. ..# #.. ...#
##..## #..# #....##
#...#
#####...>..###....##
#...# #.........<..
#...# #....@a......
#...# ##....@†....#
#.#####....#####..#
#..###....##
##.##....## #.....).#
#......## .##
###....## #..##
#.....#### ....##
###'####...#####.....#


You could see Edmund and a worker ant.

Vanquished Creatures
  Sigmund (D:3)
  The ghost of letownia2 the Charmwright, a weakling MfSk (D:3)
  6 adders
  2 worms
  A dart slug (D:3)
  2 leopard geckos (D:3)
  5 orcs (D:3)
  5 giant cockroaches
  11 goblins
  15 hobgoblins
  6 kobolds
  A quokka (D:3)
  A ball python (D:2)
  8 bats
  3 frilled lizards (D:2)
  6 rats
  A spectral orc (D:3)
75 creatures vanquished.

Notes
Turn   | Place    | Note
-------+----------+-------------------------------------------
     0 | D:1      | Mirai the Demonspawn Fighter began the quest for the Orb.
     0 | D:1      | Reached XP level 1. HP: 18/18 MP: 1/1
   218 | D:1      | Gained mutation: Your flesh is cold resistant. (rC+) [demonic ancestry]
   218 | D:1      | Reached XP level 2. HP: 24/24 MP: 2/2
   552 | D:1      | Reached skill level 2 in Axes
  1198 | D:2      | Reached skill level 1 in Dodging
  1263 | D:2      | Reached XP level 3. HP: 29/29 MP: 3/3
  1425 | D:2      | Found a bloodstained altar of Trog.
  1615 | D:2      | Found a shattered altar of Ashenzari.
  1616 | D:2      | Found a shimmering altar of Xom.
  2226 | D:3      | Noticed Sigmund
  2236 | D:3      | Killed Sigmund
  2236 | D:3      | Reached skill level 3 in Axes
  2236 | D:3      | Gained mutation: You have a pair of small antennae on your head. [demonic ancestry]
  2236 | D:3      | Reached XP level 4. HP: 9/35 MP: 4/4
  2236 | D:3      | Gained mutation: You have a pair of antennae on your head. [demonic ancestry]
  2236 | D:3      | Reached XP level 5. HP: 11/41 MP: 5/5
  2245 | D:3      | Noticed letownia2's ghost (weakling MfSk)
  2489 | D:3      | Killed letownia2's ghost
  2583 | D:3      | Reached skill level 4 in Axes
  2605 | D:3      | Gained mutation: You regenerate a little health from kills. [demonic ancestry]
  2605 | D:3      | Reached XP level 6. HP: 25/47 MP: 6/6
  2654 | D:3      | Found a sparkling altar of Nemelex Xobeh.
  2668 | D:3      | Found a basalt altar of Yredelemnul.
  2874 | D:3      | Found a stormy altar of Qazlal.
  3256 | D:4      | Found a glowing silver altar of Zin.
  3256 | D:4      | Noticed an angel
  3282 | D:4      | Noticed Edmund
  3303 | D:4      | Slain by Edmund

Skill      XL: |  1  2  3  4  5 |
---------------+----------------+-----
Axes           | 2 3 4 |  4.2
Armour         | 3 |  3.8
Dodging        | 1 2 |  2.4
Fighting       | |  3.7
Shields        | |  2.6

Action                   |  1- 3 |  4- 6 || total
-------------------------+-------+-------++-------
Melee: War axe           |   140 |   119 ||   259
  Use: Potion            |     1 |       ||     1
  Eat: Chunk             |    17 |     4 ||    21
Armor: Scale mail        |    22 |       ||    22
       Chain mail        |    88 |   116 ||   204
Dodge: Dodged            |    72 |    95 ||   167
Block: Shield            |    28 |       ||    28
